 Dungeon Crawl Stone Soup version 0.16-a0-3639-gab560df (webtiles) character file.

92 oshikia the Insei (level 4, 0/35 HPs)
             Began as a Demonspawn Monk on Jan 16, 2015.
             Killed from afar by an orc wizard (7 damage)
             ... with a puff of flame
             ... on level 3 of the Dungeon.
             The game lasted 00:03:07 (1727 turns).

oshikia the Insei (Demonspawn Monk)                 Turns: 1727, Time: 00:03:08

Health: 0/35       AC:  3    Str: 11    XL:     4   Next: 35%
Magic:  4/4        EV: 13    Int: 12    God:
Gold:   110        SH:  0    Dex: 16    Spells: 0 memorised, 3 levels left

rFire  . . .     SeeInvis .       - Unarmed
rCold  . . .     Clarity  .     a - +0 robe
rNeg   + . .     SustAb   .     (no shield)
rPois  .         Gourm    .     (helmet restricted)
rElec  .         Spirit   .     s - +0 cloak
rCorr  .         Warding  .     (no gloves)
rMut   .         Stasis   .     (no boots)
MR     .....                    (no amulet)
Stlth  ++........               (no ring)
                                d - ring of positive energy

@: not resistant to hostile enchantments, unstealthy
A: horns 1, powered by pain 1, spiny 1
a: no special abilities


You were on level 3 of the Dungeon.
You were not hungry.

You visited 1 branch of the dungeon, and saw 3 of its levels.

You collected 110 gold pieces.

Inventory:

Armour
 a - a +0 robe (worn)
 s - a +0 cloak (worn)
Jewellery
 d - a ring of positive energy (left hand)
Scrolls
 f - 3 scrolls of identify {unknown}
 g - 2 scrolls of amnesia {unknown}
 j - a scroll of blinking {unknown}
 k - a scroll of magic mapping {unknown}
 m - a scroll of random uselessness {unknown}
 n - a scroll of fog {unknown}
 o - 2 scrolls of remove curse
Potions
 c - 5 potions of curing {unknown}
 e - a potion of restore abilities {unknown}
 i - a potion of agility {unknown}
 p - a potion of cure mutation {unknown}
 r - a potion of might {unknown}
Comestibles
 b - 2 bread rations
 h - a slice of pizza
 l - 6 fruits


   Skills:
 - Level 3.0 Fighting
 - Level 2.6 Dodging
 - Level 1.7 Stealth
 + Level 5.3 Unarmed Combat


You had 3 spell levels left.
You didn't know any spells.

Dungeon Overview and Level Annotations

Branches:
Dungeon (3/15)

Altars:


Innate Abilities, Weirdness & Mutations

You have a pair of small horns on your head.
You sometimes gain a little power by taking damage.
You are partially covered in sharp spines.


Message History

The orc hits you but does no damage. The orc hits you.
The orc wizard hits you but does no damage.
You closely miss the orc wizard. You headbutt the orc wizard.
The orc wizard is severely wounded.
The orc misses you. The orc closely misses you. The orc barely misses you.
You hit the orc wizard.
The orc wizard is almost dead.
The orc wizard hits you with a dagger.
* * * LOW HITPOINT WARNING * * *
The orc barely misses you. The orc is struck by your spines. The orc hits you.
* * * LOW HITPOINT WARNING * * *
You are too injured to fight recklessly!
You are too injured to fight recklessly!
You completely miss the orc wizard.
The orc wizard is almost dead.
The orc hits you with a short sword.
* * * LOW HITPOINT WARNING * * *
The orc wizard gestures at you while chanting.
The puff of flame hits you!
You die...

♣♣§♣.♣P..P8 ♣ .♣P.♣♣....
.♣.♣P♣♣♣.♣♣♣♣...P♣♣♣P.
≈♣.♣.♣[♣.♣.♣..P....P.♣♣
♣§♣P♣.♣.♣P♣..........♣P
♣§♣.♣.♣....P####P.....
♣♣..........#).'..#..P
♣.P♣...Po......####..(#..
♣....o@)..)..........#.
♣PP.#.ooP#+##...........
. #.P..# #..⌠..P...).
.......# #.P.....P...
...#...P# #.....###...
♣.#...... .......#)'...
♣....... ....[..###...
..$.♣........... ....
...♣ .♣...♣P.♣...


You could see an orc wizard and 3 orcs.

Vanquished Creatures
  3 gnolls (D:3)
  A worm (D:2)
  4 giant geckos
  3 orcs (D:3)
  A ball python (D:1)
  8 bats
  3 giant cockroaches
  5 goblins
  8 hobgoblins
  5 kobolds
  3 giant newts
  A quokka (D:2)
  A rat (D:1)
46 creatures vanquished.

Notes
Turn   | Place    | Note
--------------------------------------------------------------
     0 | D:1      | oshikia, the Demonspawn Monk, began the quest for the Orb.
     0 | D:1      | Reached XP level 1. HP: 18/18 MP: 1/1
    76 | D:1      | Reached skill level 4 in Unarmed Combat
    89 | D:1      | Gained mutation: You have a pair of small horns on your head. [demonic ancestry]
    89 | D:1      | Reached XP level 2. HP: 18/24 MP: 2/2
   473 | D:1      | Gained mutation: You are partially covered in sharp spines. [demonic ancestry]
   473 | D:1      | Reached XP level 3. HP: 29/29 MP: 3/3
  1476 | D:3      | Reached skill level 5 in Unarmed Combat
  1485 | D:3      | Gained mutation: You sometimes gain a little power by taking damage. [demonic ancestry]
  1485 | D:3      | Reached XP level 4. HP: 16/35 MP: 4/4
  1727 | D:3      | Killed from afar by an orc wizard

Action                   |  1- 3 |  4- 6 || total
-------------------------+-------+-------++-------
Melee: Unarmed           |   106 |    23 ||   129
  Use: Scroll            |     1 |       ||     1
 Stab: Sleeping          |     4 |     2 ||     6
  Eat: Chunk             |     2 |     1 ||     3
